 Dungeon Crawl Stone Soup version 0.27.1-34-g3ba077fa99 (webtiles) character file.

Game seed: 16894231094314139593

191 cbfl8 the Sneak (level 5, -8/46 HPs)
             Began as a Minotaur Delver on Jan 27, 2022.
             Mangled by a wyvern (9 damage)
             ... on level 4 of the Dungeon.
             The game lasted 00:06:40 (3684 turns).

cbfl8 the Sneak (Minotaur Delver)                   Turns: 3684, Time: 00:06:41

Health: -8/46      AC:  7    Str: 17    XL:     5   Next: 41%
Magic:  4/4        EV:  9    Int:  7    God:
Gold:   75         SH:  3    Dex: 12    Spells: 4/4 levels left

rFire    . . .     SeeInvis .   k - +1 hand axe (vorpal)
rCold    + . .     Faith    .   s - +0 buckler
rNeg     . . .     Spirit   .   w - +1 scale mail {rC+}
rPois    .         Reflect  .   (helmet restricted)
rElec    .         Harm     .   (no cloak)
rCorr    +         Rampage  .   (no gloves)
Will     .....                  (no boots)
Stlth    +.........             (no amulet)
HPRegen  0.15/turn              l - ring of resist corrosion
MPRegen  0.09/turn              (no ring)

@: no status effects
A: horns 2, retaliatory headbutt
a: no special abilities


You were on level 4 of the Dungeon.
You visited 1 branch of the dungeon, and saw 5 of its levels.

You collected 75 gold pieces.

Inventory:

Hand Weapons
 a - a +0 hand axe
 k - a +1 vorpal hand axe (weapon)
 v - a +1 vorpal flail
Missiles
 i - 51 stones (quivered)
 u - 12 poisoned darts
Armour
 b - a +0 leather armour
 m - a +0 plate armour
 s - a +0 buckler (worn)
 w - a +1 scale mail of cold resistance (worn)
Magical Staves
 n - a staff of cold
Jewellery
 l - a ring of resist corrosion (left hand)
 r - an amulet of magic regeneration
Wands
 g - a wand of digging (3)
Scrolls
 c - 2 scrolls of fog
 d - a scroll of magic mapping
 e - a scroll of fear
 f - a scroll of teleportation {unknown}
 j - 3 scrolls of identify {unknown}
 q - a scroll of holy word {unknown}
Potions
 h - a potion of magic {unknown}
 o - a potion of invisibility {unknown}
 p - a potion of resistance {unknown}
 t - a potion of might {unknown}


   Skills:
 + Level 4.2 Fighting
 + Level 4.1 Axes
 + Level 2.1 Armour
 + Level 2.6 Dodging
 + Level 5.1 Stealth


You had 4 spell levels left.
You didn't know any spells.
Your spell library contained the following spells:

 Spells                   Type           Power      Damage    Failure   Level
 Blink                    Tloc           N/A        N/A       99%         2
 Gell's Gravitas          Tloc           0%         N/A       100%        3
 Teleport Other           Tloc           0%         N/A       100%        3
 Manifold Assault         Tloc           0%         N/A       100%        5
 Dispersal                Tloc           0%         N/A       100%        6
 Storm Form               Tmut/Air       0%         N/A       100%        7


Dungeon Overview and Level Annotations

Branches:
Dungeon (5/15)
 Temple: D:4-7

Altars:
Nemelex Xobeh

Annotations:
D:5 3 runed translucent doors, Blork the orc; cbfl8's ghost, weakling MiDe


Innate Abilities, Weirdness & Mutations

You have a pair of horns on your head.
You reflexively headbutt those who attack you in melee.


Message History

You open the door.
There is an open door here.
There is a stone staircase leading up here.
Done exploring.
Done exploring.
There is a stone staircase leading up here.
There is a stone staircase leading down here.
You climb downwards.
Found a flail.
There is a stone staircase leading up here.
The ball python hisses angrily.
You barely miss the ball python. You headbutt the ball python.
The ball python is severely wounded.
The ball python barely misses you. The ball python grabs you.
The ball python constricts you.
The ball python bites you but does no damage.
The ball python constricts you.
You hit the ball python.
You kill the ball python!
You see here a ball python corpse.
A quokka skeleton comes into view.
The quokka skeleton misses you. You furiously retaliate!
You headbutt the quokka skeleton!
You destroy the quokka skeleton!
Found a potion of haste.
Found a fuming white potion.
Found 19 gold pieces.
The wyvern hisses angrily.
The wyvern bites you but does no damage.
The wyvern barely misses you. You furiously retaliate!
You headbutt the wyvern!
The wyvern bites you but does no damage.
The wyvern bites you!
You see here a fuming white potion.
The wyvern bites you! x2
* * * LOW HITPOINT WARNING * * *
You see here a potion of haste.
You hit the wyvern. You headbutt the wyvern.
The wyvern is heavily wounded.
The wyvern bites you!
You die...

... #..# #.# ...# #..#
#.# #.K.##..# #.# #
..#..#..# ###.###.#
#....#..## .. .......
#...#..##.####....
##..l........##.$#
.....<..###...#.!####
.............).l@...##
##..#######...#..#...#.
#.. ##.##........# ##
#. #......... #
#.#.....##
####.##.##...##
........# #.##
####.##.# .# # #.# #


You could see a wyvern.

Vanquished Creatures
  An orc priest (D:3)
  An orc wizard (D:3)
  A hound zombie (D:5)
  Robin (D:3)
  4 adders
  A worm (D:2)
  5 orcs (D:3)
  3 bats
  4 endoplasms
  10 goblins
  12 hobgoblins
  4 jackals (D:3)
  3 quokkas
  4 ball pythons
  3 frilled lizards
  2 kobolds (D:1)
  A quokka skeleton (D:4)
  7 rats
67 creatures vanquished.

Notes
Turn   | Place    | Note
-------+----------+-------------------------------------------
     0 | D:5      | cbfl8 the Minotaur Delver began the quest for the Orb.
     0 | D:5      | Reached XP level 1. HP: 19/19 MP: 0/0
     0 | D:5      | Noticed a water moccasin zombie
     3 | D:5      | Noticed cbfl8's ghost (weakling MiDe)
   125 | D:5      | Reached XP level 2. HP: 16/27 MP: 1/1
   246 | D:5      | Noticed Blork the orc
   277 | D:5      | Noticed an ogre
   754 | D:4      | Noticed a wyvern
   799 | D:3      | Reached XP level 3. HP: 25/33 MP: 2/2
   815 | D:3      | Noticed Robin
   983 | D:3      | Reached skill level 1 in Armour
   983 | D:3      | Reached XP level 4. HP: 30/40 MP: 3/3
   986 | D:3      | Reached skill level 5 in Stealth
  1132 | D:1      | Found a faded altar of an unknown god.
  2188 | D:2      | Reached XP level 5. HP: 27/46 MP: 4/4
  3056 | D:3      | Found a sparkling altar of Nemelex Xobeh.
  3421 | D:3      | Killed Robin
  3683 | D:4      | HP: 1/46 [wyvern (17)]
  3684 | D:4      | Mangled by a wyvern

Illustrated notes

Levels and vault maps discovered:
D:1:      sevenhm_arrival_forest_fort_large_2, layout_basic,
          basic_ecumenical_altar, kennysheep_small_spiral
D:2:      layout_basic, minmay_misc_feat_plants, dk_noncrumbling_2
D:3:      layout_loops_corners, nemelex_diamond_rough_becter,
          kennysheep_generic_room_5, uniq_robin
D:4:      minmay_clustersquares, layout_loops_ring, serial_shops,
          nicolae_shop_crystal, uniq_natasha
D:5:      layout_rooms, gammafunk_ghost_necromancy, minmay_crystal_water,
          wad_floor_pattern_untrapped, uniq_blork_the_orc

Skill      XL: |  1  2  3  4  5 |
---------------+----------------+-----
Axes           | 3 4 |  4.1
Fighting       | 4 |  4.2
Armour         | 1 2 |  2.1
Stealth        | 5 |  5.1
Dodging        | |  2.6

Action                   |  1- 3 |  4- 6 || total
-------------------------+-------+-------++-------
Melee: Hand axe          |    41 |    87 ||   128
       Headbutt          |     7 |    17 ||    24
  Use: Potion            |     1 |       ||     1
 Stab: Sleeping          |     2 |       ||     2
Armor: Leather armour    |    11 |       ||    11
       Plate armour      |    13 |    47 ||    60
       Scale mail        |       |    14 ||    14
Dodge: Dodged            |    29 |    33 ||    62
Block: Buckler           |       |     1 ||     1
